Map: Triton LE

Players

чарджног - Winner!

  • Race: Protoss Protoss
  • League: Master
  • Spawn Location: 5:00

Mez

  • Race: Terran Terran
  • League: Master
  • Spawn Location: 11:00

VOD

Have the link to the VOD?

Description

Time

  • Played on: Aug. 22, 2019, 11:26 a.m.
  • Length: 12:46
Show
View Real Time Build Order
Export as new Build Order

чарджног Protoss - Winner!

Build Orders: 1 Gate Expand, Colossus Rush 

Get SALT Encoding   

  12  0:03  Probe  
  13  0:15  Probe  
  13  0:20  Pylon  
  14  0:25  Probe  
  15  0:34  Probe  
  15  0:41  Gateway  
  16  0:44  Probe  
  16  0:46  Assimilator  
  17  0:56  Probe  
  18  1:08  Probe  
  19  1:24  Probe  
  20  1:29  Nexus  
  20  1:44  Probe  
  21  1:48  Cybernetics Core  
  21  1:53  Assimilator  
  21  1:57  Probe  
  22  2:05  Pylon  
  22  2:08  Pylon  
  22  2:09  Probe  
  22  2:16  Stalker  
  22  2:27  Warp Gate  
  24  2:30  Probe, Robotics Facility  
  25  2:46  Probe  
  25  2:48  Probe  
  26  2:51  Stalker  
  26  2:56  Probe  
  26  2:58  Probe  
  31  3:06  Probe  
  31  3:07  Probe  
  31  3:09  Gateway  
  33  3:15  Probe  
  33  3:18  Probe  
  35  3:23  Robotics Bay  
  35  3:24  Observer, Probe  
  36  3:29  Pylon  
  36  3:31  Probe  
  38  3:37  Probe  
  38  3:41  Assimilator  
  39  3:42  Warp Prism  
  39  3:45  Probe  
  40  3:49  Probe  
  43  3:57  Probe  
  44  4:03  Gravitic Drive  
  44  4:05  Probe  
  44  4:09  Probe, Pylon, Disruptor  
  46  4:17  Probe  
  46  4:22  Probe, Assimilator  
  51  4:29  Probe  
  51  4:31  Pylon  
  52  4:34  Sentry  
  52  4:35  Probe  
  55  4:41  Probe  
  56  4:47  Colossus  
  56  4:49  Probe  
  63  4:53  Probe  
  63  4:55  Pylon  
  63  4:59  Gateway  
  64  5:01  Gateway  
  64  5:03  Extended Thermal Lance  
  65  5:08  Probe  
  65  5:17  Forge  
  65  5:18  Probe  
  66  5:21  Probe  
  67  5:30  Probe  
  67  5:34  Probe  
  69  5:40  Protoss Ground Weapons Level 1  
  69  5:42  Probe  
  70  5:43  Colossus  
  76  5:50  Nexus  
  76  5:51  Pylon, Zealot  
  76  5:56  Observer  
  78  6:09  Probe  
  78  6:10  Pylon  
  78  6:11  Stalker x3  
  83  6:15  Twilight Council, Probe  
  86  6:28  Probe x2  
  86  6:32  Blink, Stalker  
  90  6:37  Zealot  
  92  6:42  Colossus, Pylon  
  92  6:52  Gateway, Probe  
  92  6:55  Gateway, Probe  
  92  7:00  Probe  
  100  7:03  Probe  
  102  7:09  Zealot x3  
  102  7:10  Zealot  
  102  7:15  Probe x2  
  112  7:25  Gateway, Probe  
  112  7:26  Gateway  
  113  7:30  Pylon  
  113  7:32  Pylon  
  113  7:33  Stalker x2  
  113  7:35  Protoss Ground Weapons Level 2  
  113  7:36  Pylon  
  117  7:48  Colossus  
  117  7:53  Templar Archives  
  117  7:54  Zealot x3  
  117  7:55  Zealot  
  131  8:10  Stalker x2  
  131  8:11  Probe  
  136  8:14  Probe  
  137  8:26  Zealot x2  
  141  8:31  Pylon x2  
  141  8:32  Pylon  
  141  8:47  Charge  
  141  8:48  Nexus  
  141  8:52  Gateway  
  141  8:53  High Templar x5  
  141  8:55  Gateway  
  151  8:57  Gateway  
  151  9:01  Pylon, Probe x2  
  153  9:03  Assimilator  
  153  9:04  Assimilator  
  153  9:06  High Templar  
  153  9:07  Zealot  
  153  9:08  Zealot  
  159  9:12  Archon x3  
  159  9:25  Zealot x5  
  169  9:32  Stalker  
  169  9:33  Stalker  
  169  9:35  Pylon  
  173  9:38  Pylon  
  173  9:45  Zealot x2  
  172  9:58  Zealot x6  
  148  10:13  Probe, Zealot x2  
  148  10:14  Probe  
  144  10:17  Probe  
  144  10:20  Gateway  
  145  10:21  Zealot x3  
  145  10:22  Gateway, Zealot x3  
  145  10:23  Stalker x3  
  145  10:25  Probe  
  145  10:26  Probe x2  
  166  10:35  Probe  
  167  10:37  Forge  
  166  10:45  High Templar x3  
  166  10:46  High Templar x3  
  178  10:50  Archon x2  
  178  10:51  Archon, Zealot x4  
  178  10:52  Zealot  
  173  11:16  Nexus  
  173  11:23  Stalker x3  
  173  11:24  Stalker  
  181  11:26  Pylon  
  181  11:31  Probe  
  181  11:34  Probe  
  181  11:39  Stalker  
  173  11:40  Zealot x3  
  140  12:02  Probe x3  
  139  12:14  Probe  
  127  12:29  Stalker x7  
  133  12:30  Probe x2  
Show
View Real Time Build Order
Export as new Build Order

Mez Terran 

Build Orders: Reaper Expand 

Get SALT Encoding   

  12  0:00  SCV  
  13  0:13  SCV  
  14  0:18  Supply Depot  
  14  0:25  SCV  
  15  0:39  SCV  
  15  0:42  Barracks  
  16  0:46  Refinery  
  16  0:51  SCV  
  17  1:04  SCV  
  18  1:16  SCV  
  19  1:30  Orbital Command, Reaper  
  20  1:50  Command Center  
  20  1:57  Bunker, SCV  
  21  2:02  Marine  
  22  2:09  SCV  
  23  2:16  Supply Depot  
  23  2:21  Barracks Reactor  
  23  2:35  Command Center  
  23  2:38  SCV  
  24  2:50  SCV  
  25  2:53  Factory  
  25  2:59  Marine x2  
  25  3:03  SCV  
  25  3:04  Orbital Command  
  28  3:10  Refinery  
  28  3:15  SCV  
  28  3:18  Marine  
  28  3:19  Marine  
  31  3:29  SCV  
  32  3:34  SCV  
  32  3:37  Marine x2  
  32  3:39  Widow Mine  
  32  3:40  Starport  
  37  3:43  SCV  
  37  3:46  SCV  
  39  3:52  Orbital Command  
  39  3:55  Refinery, Marine x2, SCV  
  40  3:59  SCV  
  40  4:00  Factory Tech Lab  
  43  4:07  SCV  
  44  4:11  SCV  
  45  4:17  Starport Tech Lab  
  45  4:19  SCV x2  
  45  4:21  Siege Tank  
  45  4:22  Marine x2  
  45  4:23  SCV  
  53  4:29  Supply Depot  
  54  4:31  SCV x2  
  54  4:35  Raven, SCV  
  58  4:41  Barracks  
  58  4:42  Marine x2  
  58  4:43  SCV  
  61  4:51  SCV x2  
  61  4:52  Barracks  
  63  4:53  Supply Depot  
  63  4:55  Siege Tank  
  66  5:02  SCV  
  66  5:03  SCV x2  
  69  5:10  Supply Depot  
  69  5:14  Marine x2, Engineering Bay x2  
  71  5:36  Starport Reactor  
  71  5:39  Stimpack  
  71  5:42  Barracks, Marine x2  
  73  5:43  Marauder  
  73  5:46  Barracks, Terran Infantry Armor Level 1, Factory Reactor, Terran Infantry Weapons Level 1  
  73  5:48  SCV  
  78  5:57  Combat Shield, Marauder  
  78  5:58  Refinery  
  78  6:04  Marine  
  78  6:05  Marauder, Marine  
  78  6:06  SCV x3  
  85  6:11  Supply Depot  
  85  6:12  Supply Depot, Orbital Command  
  85  6:15  Medivac  
  87  6:22  SCV x2  
  87  6:30  Viking  
  89  6:35  SCV x2  
  91  6:41  SCV  
  91  6:43  Barracks Tech Lab, Barracks Reactor  
  91  6:44  Supply Depot  
  91  6:46  Supply Depot  
  92  6:47  SCV x2  
  92  6:51  Medivac  
  96  6:55  SCV  
  96  6:59  Marauder x2, SCV x2, Marine x2  
  96  7:00  Medivac  
  107  7:10  SCV  
  107  7:11  SCV  
  109  7:17  Marine  
  109  7:20  Marauder  
  109  7:22  Supply Depot, Missile Turret  
  112  7:23  Missile Turret  
  112  7:24  Supply Depot, Marine x3  
  112  7:29  Medivac  
  117  7:30  Medivac, Armory, SCV x3  
  117  7:34  Marauder, Refinery  
  117  7:35  Refinery  
  124  7:42  SCV  
  129  7:44  Marauder x2  
  129  7:48  Supply Depot, Starport, Ghost Academy  
  129  7:49  Supply Depot  
  129  7:52  Supply Depot  
  129  7:59  Missile Turret  
  129  8:03  Missile Turret  
  129  8:07  SCV x2  
  129  8:10  Marine, SCV  
  129  8:11  Marauder x3, Marine x3  
  142  8:16  Viking x2  
  142  8:19  SCV  
  147  8:26  SCV x2  
  146  8:28  Marine  
  146  8:30  Supply Depot  
  146  8:31  SCV  
  146  8:32  Supply Depot, Terran Infantry Weapons Level 2  
  146  8:33  Terran Infantry Armor Level 2  
  146  8:34  Supply Depot  
  148  8:38  SCV  
  148  8:41  Viking  
  151  8:42  Viking  
  153  9:00  Command Center  
  153  9:10  Marauder, Marine x2  
  153  9:11  Marauder x2, Marine x2  
  163  9:19  Viking x4  
  171  9:28  Marine  
  172  9:41  Concussive Shells  
  170  9:46  Barracks  
  170  9:47  Barracks  
  170  9:48  Barracks  
  170  9:49  Viking x2  
  166  10:03  Marauder x3, Marine x4  
  145  10:17  Viking x2  
  145  10:21  Viking x2, Marine  
  154  10:34  Refinery  
  154  10:36  Barracks Tech Lab x3, Ghost x3  
  154  10:37  Marine x3  
  154  10:38  Marine  
  154  10:41  Planetary Fortress  
  164  10:43  Missile Turret  
  164  10:47  Viking  
  164  10:48  Refinery  
  161  10:55  Marauder x2, Ghost  
  167  11:04  Ghost  
  167  11:11  Liberator x4  
  155  11:15  Marauder x2, Marine x3  
  155  11:16  Marauder x2  
  174  11:20  Sensor Tower  
  174  11:26  Marauder  
  180  11:34  Marauder  
  180  11:39  Supply Depot  
  182  11:41  Supply Depot  
  138  12:00  Marauder x3, Marine x4  
  125  12:11  Marauder x3  
  131  12:18  Marine x2  
  118  12:26  Marine x2  
Tags
 
Add a new tag
Caveats
  • Supply blocks, unpowered buildings, or Contaminate may cause inaccurate times.
  • Supply counts are checked every 10 seconds.